 Dungeon Crawl Stone Soup version 0.32-a0-921-g04a7ad8e02 (webtiles) character file.

Game seed: 2171329537292860506

3821 Patata23 the Cleaver (level 9, -5/82 HPs)
             Began as a Minotaur Berserker on Apr 11, 2024.
             Was a High Priest of Trog.
             Slain by an orc warrior
             ... wielding a +0 war axe
              (12 damage)
             ... on level 9 of the Dungeon.
             The game lasted 00:30:49 (7285 turns).

Patata23 the Cleaver (Minotaur Berserker)           Turns: 7285, Time: 00:30:49

Health: -5/82      AC: 20    Str: 27    XL:     9   Next: 97%
Magic:  8/8        EV: 11    Int:  4    God:    Trog [*****.]
Gold:   337        SH:  0    Dex: 15    Spells: 8/8 levels left

rFire   . . .        a - +0 hand axe
rCold   . . .        (no shield)
rNeg    + . .        G - +1 chain mail {Will+}
rPois   .            (helmet restricted)
rElec   .            H - +2 cloak {Will+}
rCorr   .            g - +2 pair of gloves
SInv    .            j - +0 pair of boots
Will    ++++.        (no amulet) Stlth
                     n - ring of positive energy
HPRegen 1.33/turn    F - +6 ring of dexterity
MPRegen 0.11/turn

%: no passive effects
@: strong-willed, regenerating
A: horns 2, retaliatory headbutt
a: Renounce Religion, Berserk, Trog's Hand, Brothers in Arms


You were on level 9 of the Dungeon.
You worshipped Trog.
Trog was extremely pleased with you.
You visited 1 branch of the dungeon, and saw 9 of its levels.

You collected 584 gold pieces.
You spent 247 gold pieces at shops.

Inventory:

Hand Weapons
 a - a +0 hand axe (weapon)
 r - a +2 dagger of venom
 u - a +1 heavy flail
Missiles
 E - a throwing net (quivered)
Armour
 b - a +0 animal skin
 g - a +2 pair of gloves (worn)
 j - a +0 pair of boots (worn)
 p - a +1 ring mail
 C - a +0 chain mail
 G - a +1 chain mail of willpower (worn)
 H - a +2 cloak of willpower (worn)
Jewellery
 m - a ring of ice
 n - a ring of positive energy (left hand)
 F - a +6 ring of dexterity (right hand)
Talismans
 s - a storm talisman
Wands
 B - a wand of iceblast (12)
 I - a wand of paralysis (11)
Scrolls
 f - a scroll of poison
 k - 2 scrolls of identify
 l - a scroll of silence {unknown}
 v - 2 scrolls of fear {unknown}
 w - a scroll of blinking
 x - 2 scrolls of noise {unknown}
 y - a scroll of revelation {unknown}
 A - 2 scrolls of immolation
 D - a scroll of torment {unknown}
Potions
 c - a potion of attraction {unknown}
 d - 2 potions of invisibility {unknown}
 e - a potion of degeneration {unknown}
 h - a potion of might {unknown}
 i - 5 potions of heal wounds {unknown}
 o - a potion of brilliance {unknown}
 q - 2 potions of curing {unknown}
 t - 2 potions of lignification {unknown}
 z - a potion of ambrosia {unknown}


   Skills:
 + Level 8.9 Fighting
 + Level 10.8 Axes
 + Level 8.5 Armour
 + Level 7.1 Dodging
 - Level 1.0 Stealth


You had 8 spell levels left.
You didn't know any spells.
Your spell library was empty.

Dungeon Overview and Level Annotations

Branches:
Dungeon (9/15)             Temple (0/1) D:4
   Lair: D:8-11         Orc: D:9-12

Altars:
Elyvilon
Makhleb
Nemelex Xobeh
Sif Muna
Vehumet
Xom
The Shining One

Shops:
D:8 [


Innate Abilities, Weirdness & Mutations

You have a pair of horns on your head.
You reflexively headbutt those who attack you in melee.


Message History

You hit something but do no damage. You hit the orc warrior.
Your headbutt misses the orc warrior.
The orc warrior is severely wounded.
You hit the orc warrior but do no damage.
You hit something. The orc warrior barely misses you.
Something hits you but does no damage. The orc warrior misses you.
You hit the orc warrior. You headbutt the orc warrior.
You kill the orc warrior!
Trog accepts your kill.
You barely miss the orc warrior. You miss something.
The orc warrior completely misses you.
The orc priest mumbles some strange prayers to Beogh against you.
Beogh smites you!
* * * LOW HITPOINT WARNING * * *
You hear some strange, mumbled words.
A puff of flame appears from out of thin air!
The puff of flame hits you but does no damage.
Your skin crawls.
You feel strong-willed.
The orc warrior hits you with a +0 war axe!
* * * LOW HITPOINT WARNING * * *
The orc barely misses you. Something hits you but does no damage.
You barely miss the orc.
You hit the orc warrior but do no damage.
You hit something. Trog accepts your kill.
Trog appreciates your killing of a magic user.
Reactivating autopickup.
You feel a bit more experienced.
The orc warrior hits you but does no damage.
The orc barely misses you. You furiously retaliate!
You headbutt the orc!
You kill the orc!
Trog accepts your kill.
Trog will now gift you melee weapons as you gain piety.
The orc priest mumbles some strange prayers to Beogh against you.
Beogh smites you!
* * * LOW HITPOINT WARNING * * *
The orc warrior attacks as it pursues you!
The orc warrior hits you with a +0 war axe!
You die...

...............
...............
....o..........
...............
.......{.......
.......o.......
..#######........
........o)o......
.#.###@#).......
#.....#.......?
#.._..#........
#...!.#........
#.###.#........
... .........?.
..# ###....... ..


You could see an orc warrior and 2 orc priests.

Vanquished Creatures
  The ghost of shadizar the Thaumaturge, a novice DjCj (D:8)
  A shadow (D:7)
  A wyvern (D:8)
  Eustachio (D:6)
  3 yaks (D:8)
  Menkaure (D:6)
  2 water moccasins
  An orc warrior (D:9)
  A sky beast (D:8)
  An ice beast (D:8)
  A black bear (D:7)
  A centaur (D:7)
  An ogre (D:5)
  A phantom (D:6)
  A bullfrog (D:8)
  A gnoll sergeant (D:7)
  A scorpion (D:4)
  A howler monkey (D:6)
  A crimson imp (D:3)
  6 quasits (D:8)
  A jelly (D:7)
  6 hounds
  4 orc priests
  2 bombardier beetles
  3 sleepcaps
  5 iguanas
  3 orc wizards
  6 gnolls
  13 adders
  6 dart slugs
  A ribbon worm (D:4)
  15 orcs
  7 ball pythons
  10 endoplasms
  2 giant cockroaches
  8 goblins
  10 hobgoblins
  7 jackals
  7 quokkas
  8 bats
  6 frilled lizards
  7 kobolds
  7 rats
172 creatures vanquished.

Vanquished Creatures (others)
  A centaur (D:6)
1 creature vanquished.

Grand Total: 173 creatures vanquished

Notes
Turn   | Place    | Note
-------+----------+-------------------------------------------
     0 | D:1      | Patata23 the Minotaur Berserker began the quest for the
                  | Orb.
     0 | D:1      | Reached XP level 1. HP: 19/19 MP: 0/0
    82 | D:1      | Reached skill level 4 in Axes
    82 | D:1      | Reached XP level 2. HP: 18/27 MP: 1/1
   354 | D:1      | Reached XP level 3. HP: 33/33 MP: 2/2
   399 | D:1      | Reached ** piety under Trog
  1024 | D:2      | Reached XP level 4. HP: 41/41 MP: 3/3
  1542 | D:3      | Reached skill level 5 in Axes
  1578 | D:3      | Reached skill level 5 in Fighting
  1648 | D:3      | Reached XP level 5. HP: 35/48 MP: 4/4
  1945 | D:3      | Reached *** piety under Trog
  2049 | D:3      | Found a white marble altar of Elyvilon.
  2279 | D:3      | Found a shimmering altar of Xom.
  2280 | D:3      | Found a burning altar of Makhleb.
  2303 | D:3      | Reached skill level 6 in Axes
  2609 | D:4      | Found a staircase to the Ecumenical Temple.
  2686 | D:4      | Reached XP level 6. HP: 23/56 MP: 5/5
  3365 | D:4      | Found a shimmering blue altar of Sif Muna.
  3365 | D:4      | Found a radiant altar of Vehumet.
  3658 | D:5      | Entered Level 5 of the Dungeon
  3703 | D:5      | Reached XP level 7. HP: 36/62 MP: 6/6
  3704 | D:5      | Reached skill level 7 in Axes
  4237 | D:5      | Reached skill level 5 in Armour
  4309 | D:6      | Reached **** piety under Trog
  4322 | D:6      | Reached skill level 8 in Axes
  4390 | D:6      | Found a sparkling altar of Nemelex Xobeh.
  4455 | D:6      | Noticed Menkaure
  4462 | D:6      | Killed Menkaure
  4463 | D:6      | Reached XP level 8. HP: 61/70 MP: 7/7
  4565 | D:6      | Noticed Eustachio
  4588 | D:6      | Killed Eustachio
  4589 | D:6      | Reached skill level 1 in Stealth
  5035 | D:6      | Reached skill level 9 in Axes
  5601 | D:7      | Reached skill level 5 in Dodging
  5935 | D:7      | Reached XP level 9. HP: 71/79 MP: 8/8
  5970 | D:7      | Identified the +1 leather armour "Cyhuushro" {Int+3}
  6409 | D:8      | Found a transporter.
  6418 | D:8      | Found a transporter.
  6462 | D:8      | Noticed shadizar's ghost (novice DjCj)
  6531 | D:8      | Killed shadizar's ghost
  6532 | D:8      | Reached skill level 10 in Axes
  6818 | D:8      | Reached ***** piety under Trog
  6916 | D:8      | Found Haojauwk's Antique Armour Emporium.
  6924 | D:8      | Bought an embroidered cloak for 247 gold pieces
  7268 | D:9      | Found a glowing golden altar of the Shining One.
  7285 | D:9      | Slain by an orc warrior

Illustrated notes

Levels and vault maps discovered:
D:1:      dpeg_arrival_line_fractal, layout_rooms, corexii_corridor_pit,
          minmay_small_reverse_x
D:2:      layout_loops_ring, serial_rivers, chequers_serial_rivers_small_a,
          chequers_serial_rivers_micro_a, chequers_serial_rivers_marsh,
          chequers_serial_rivers_room_b, chequers_serial_rivers_small_a,
          chequers_serial_rivers_small_a
D:3:      layout_rooms, grunt_temple_overflow_champion_of_chaos,
          mainiacjoe_overflow_alcove_4
D:4:      minmay_evil_eye, layout_basic, mainiacjoe_overflow_divided_tiny,
          minmay_temple_entry_enclosed_plants, kennysheep_generic_room_5
D:5:      layout_rooms
D:6:      layout_gridville, nemelex_xobeh_ov_fountains_minmay, uniq_eustachio,
          uniq_menkaure
D:7:      layout_basic
D:8:      layout_loops_ring, serial_shops, nicolae_shop_peninsula,
          gammafunk_ghost_stat_death
D:9:      layout_long_grid, mainiacjoe_overflow_cross_hatched,
          mainiacjoe_overflow_large_starburst, nicolae_figureground_pulse

Skill      XL: |  1  2  3  4  5  6  7  8  9 |
---------------+----------------------------+-----
Axes           | 4 5 6 8 9 10 | 10.8
Fighting       | 4 5 6 7 8 |  8.9
Dodging        | 3 4 5 7 |  7.1
Armour         | 3 4 5 6 8 |  8.5
Stealth        | 1 |  1.0

Action                     |  1- 3 |  4- 6 |  7- 9 || total
---------------------------+-------+-------+-------++-------
  Melee: Hand axe          |    84 |   160 |   245 ||   489
         Headbutt          |    16 |    28 |    44 ||    88
 Invoke: Berserk           |     1 |       |       ||     1
         Trog's Hand       |       |       |     1 ||     1
    Use: Scroll            |     1 |     4 |       ||     5
   Stab: Sleeping          |       |     1 |       ||     1
 Armour: Animal skin       |    88 |     6 |       ||    94
         Ring mail         |       |   112 |    62 ||   174
         Chain mail        |       |       |   194 ||   194
  Dodge: Dodged            |    70 |    86 |   172 ||   328

Table legend: (Time is in decaauts)
 A = Elapsed time spent in this place.
 B = Non-inter-level travel time spent in this place.
 C = Inter-level travel time spent in this place.
 D = Time resting spent in this place.
 E = Time spent auto-exploring this place.
 F = Levels seen in this place.
 G = Mean time per level.
                   A        B        C        D        E       F      G
               +--------+--------+--------+--------+--------+-----+--------+
         Total |   7274 |   6859 |    415 |    735 |   4734 |   9 |  808.2 |
       Dungeon |   7274 |   6859 |    415 |    735 |   4734 |   9 |  808.2 |
               +--------+--------+--------+--------+--------+-----+--------+

Top non-repeatable levels by time:
     D:7: 1218 daAuts
     D:3: 1098 daAuts
     D:4: 1088 daAuts
     D:6: 876 daAuts
     D:8: 854 daAuts
     D:2: 799 daAuts
     D:1: 705 daAuts
     D:5: 618 daAuts
     D:9: 15 daAuts
